 Dungeon Crawl Stone Soup version 0.26-a0-651-gb41185065b (webtiles) character file.

Game seed: 13773176751585820359

(classic levelgen) 1122 EnegeticOcto the Chopper (level 8, 0/73 HPs)
             Began as a Deep Dwarf Fighter on Oct 9, 2020.
             Was a Follower of Makhleb.
             Slain by an ice beast (13 damage)
             ... on level 6 of the Dungeon.
             The game lasted 00:01:23 (2253 turns).

EnegeticOcto the Chopper (Deep Dwarf Fighter)       Turns: 2253, Time: 00:01:24

Health: 0/73       AC:  3    Str: 21    XL:     8   Next: 12%
Magic:  7/8        EV:  7    Int: 10    God:    Makhleb [*.....]
Gold:   243        SH: 10    Dex: 12    Spells: 7/7 levels left

rFire    . . .     SeeInvis .   a - +0 war axe
rCold    . . .     Faith    .   c - +0 kite shield
rNeg     . . .     Spirit   .   b - +0 scale mail
rPois    .         Reflect  .   t - +0 helmet
rElec    .         Harm     .   (no cloak)
rCorr    .         Rampage  .   k - +1 pair of gloves
MR       +....                  (no boots)
Stlth    ..........             (no amulet)
HPRegen  0.00/turn              (no ring)
MPRegen  0.11/turn              (no ring)

@: corroded, non-regenerating
A: damage resistance, heal wounds, sense surroundings 1, no regeneration
a: Heal Wounds, Renounce Religion


You were on level 6 of the Dungeon.
You worshipped Makhleb.
Makhleb was aware of your devotion.
You visited 2 branches of the dungeon, and saw 7 of its levels.

You collected 243 gold pieces.

Inventory:

Hand Weapons
 a - a +0 war axe (weapon)
Armour
 b - a +0 scale mail (worn)
 c - a +0 kite shield (worn)
 k - a +1 pair of gloves (worn)
 t - a +0 helmet (worn)
Jewellery
 o - an uncursed ring of protection from magic {unknown}
Wands
 q - a wand of disintegration (9)
Scrolls
 e - 3 scrolls of remove curse {unknown}
 f - a scroll of blinking {unknown}
 h - 3 scrolls of identify {unknown}
 i - a scroll of fear {unknown}
 j - a scroll of enchant weapon {unknown}
 l - 3 scrolls of teleportation {unknown}
 m - a scroll of random uselessness {unknown}
 n - a scroll of amnesia {unknown}
 p - 3 scrolls of fog {unknown}
Potions
 d - a potion of might {@q3}
 g - a potion of flight {unknown}
 r - a potion of resistance {unknown}
 s - 2 potions of haste {@q4}
 u - a potion of mutation {unknown}


   Skills:
 + Level 4.6 Fighting
 * Level 6.8 Axes
 + Level 5.5 Armour
 + Level 5.6 Shields
 + Level 2.7 Invocations


You had 7 spell levels left.
You didn't know any spells.
Your spell library was empty.

Dungeon Overview and Level Annotations

Branches:
Dungeon (6/15)             Temple (1/1) D:4

Altars:
Ashenzari
Dithmenos
Elyvilon
Fedhas
Gozag
Hepliaklqana
Kikubaaqudgha
Makhleb
Nemelex Xobeh
Qazlal
Sif Muna
Wu Jian
Xom
Yredelemnul


Innate Abilities, Weirdness & Mutations

You are resistant to damage.
You can heal yourself by infusing magical energy.
You passively map a small area around you.
You do not regenerate.


Message History

A puff of frost appears from out of thin air!
The puff of frost hits you! The jelly hits you but does no damage.
You block the worker ant's attack.
You slash the worker ant!
You kill the worker ant!
Makhleb accepts your kill.
You hit the jelly.
Your hands burn!
You hit something.
You hit the orc warrior but do no damage.
You block something's attack. You block the jelly's attack.
The orc warrior hits you with a +0 scimitar!
You hear some strange, mumbled words.
A puff of flame appears from out of thin air!
The puff of flame hits you.
You barely miss the jelly.
The jelly is heavily wounded.
You barely miss something. You hit the orc warrior.
Something completely misses you. The jelly completely misses you.
The orc warrior hits you but does no damage.
You hear some strange, mumbled words.
A magic dart appears from out of thin air!
The magic dart hits you but does no damage.
You block the jelly's attack.
You hit the jelly.
Your hands burn!
The jelly is severely wounded.
You hit the orc warrior. You closely miss something.
Something hits you but does no damage. You block the orc warrior's attack.
The jelly hits you. The acid corrodes you!
You are splashed with acid!
You block something's attack.
You are too injured to fight recklessly!
You are too injured to fight recklessly!
You are too injured to fight recklessly!
You are too injured to fight recklessly!
You are too injured to fight recklessly!
You are too injured to fight recklessly!
You are too injured to fight recklessly!
You are too injured to fight recklessly!
You are too injured to fight recklessly!
You are too injured to fight recklessly!
You are too injured to fight recklessly!
You are too injured to fight recklessly!
You are too injured to fight recklessly!
You are too injured to fight recklessly!
You are too injured to fight recklessly!
You are too injured to fight recklessly!
You feel much better. Something hits you but does no damage.
You block the orc warrior's attack. The jelly hits you. The acid corrodes you!
You are splashed with acid!
You hit the jelly but do no damage.
Your hands burn!
The jelly is severely wounded.
You miss something. You closely miss the orc warrior.
Something hits you but does no damage.
A giant cockroach comes into view.
You block something's attack. You block the jelly's attack.
You block the orc warrior's attack.
You hit the jelly.
Your hands burn!
The jelly is almost dead.
You barely miss the orc warrior. You closely miss something.
Something hits you but does no damage. The jelly hits you but does no damage.
The orc warrior hits you but does no damage.
Something hits you.
You hit the jelly but do no damage.
Your hands burn!
The jelly is almost dead.
You barely miss the orc warrior. You miss something.
Something hits you but does no damage. The jelly hits you but does no damage.
You block the orc warrior's attack. Something hits you but does no damage.
You block the jelly's attack.
You hit the jelly.
You kill the jelly!
Makhleb accepts your kill.
You hit the orc warrior but do no damage.
You hit something.
An orc wizard appears from thin air!
Reactivating autopickup.
The orc wizard hits you with a +0 dagger.
You block the orc warrior's attack.
The orc wizard hits you but does no damage.
You closely miss the orc wizard.
The orc wizard is heavily wounded.
You hit the orc warrior but do no damage.
You barely miss the ice beast.
The orc wizard hits you with a +0 dagger.
The orc warrior closely misses you. The ice beast barely misses you.
You barely miss the orc wizard.
The orc wizard is heavily wounded.
You hit the orc warrior but do no damage.
You hit the ice beast. You block the orc wizard's attack.
The ice beast completely misses you.
The orc warrior hits you with a +0 scimitar!
The orc wizard closely misses you.
You hit the orc wizard.
The orc wizard is severely wounded.
You barely miss the orc warrior. You hit the ice beast.
The orc wizard hits you with a +0 dagger.
You block the ice beast's attack.
The orc warrior hits you with a +0 scimitar!
* * * LOW HITPOINT WARNING * * *
The orc wizard points at you and mumbles some strange words.
The magic dart hits you.
* * * LOW HITPOINT WARNING * * *
The ice beast hits you. The ice beast freezes you!
You die...

##.##.##.. * * , *
#..#.# , , * ##.#.#
* * ,
..########.#.######
...................
,
...................
...................
,
.........Y.........
........@os........
,
.......))o.........
............!......
,,
...................
, ............... ,
............... ,
...........>...
.......)$......


You could see an orc warrior, an ice beast, an orc wizard (fast) and a giant
cockroach.

Vanquished Creatures
  Grinder (D:4)
  A phantom (D:4)
  2 ogres
  A scorpion (D:4)
  2 howler monkeys (D:4)
  2 jellies
  3 hounds (D:5)
  2 orc priests (D:4)
  An orc wizard (D:4)
  Ijyb (D:5)
  5 worker ants
  A killer bee zombie (D:5)
  7 adders
  2 white imps
  An adder skeleton (D:4)
  2 worms
  3 dart slugs
  6 leopard geckos
  8 orcs
  A giant cockroach (D:3)
  4 goblins
  2 hobgoblins
  10 jackals
  2 quokkas
  A ball python (D:5)
  2 bats
  2 frilled lizards
  2 kobolds
  4 rats
81 creatures vanquished.

Vanquished Creatures (others)
  A plant (D:4)
1 creature vanquished.

Grand Total: 82 creatures vanquished

Notes
Turn   | Place    | Note
-------+----------+-------------------------------------------
     0 | D:1      | EnegeticOcto the Deep Dwarf Fighter began the quest for the
                  | Orb.
     0 | D:1      | Reached XP level 1. HP: 20/20 MP: 1/1
    67 | D:1      | Reached XP level 2. HP: 21/27 MP: 2/2
   197 | D:2      | Found a shimmering altar of Xom.
   249 | D:2      | Reached skill level 3 in Axes
   249 | D:2      | Reached XP level 3. HP: 26/33 MP: 3/3
   563 | D:4      | Reached XP level 4. HP: 24/42 MP: 4/4
   572 | D:4      | Reached skill level 4 in Axes
   572 | D:4      | Reached XP level 5. HP: 49/49 MP: 5/5
   602 | D:4      | Noticed a phantom
   631 | D:4      | Killed a phantom
   660 | D:4      | Noticed Grinder
   665 | D:4      | Paralysed by Grinder for 6 turns
   676 | D:4      | Paralysed by Grinder for 5 turns
   702 | D:4      | Killed Grinder
   702 | D:4      | Reached skill level 5 in Axes
   702 | D:4      | Reached XP level 6. HP: 46/57 MP: 5/5
   785 | D:4      | Reached XP level 7. HP: 45/64 MP: 6/6
   873 | D:4      | Found a staircase to the Ecumenical Temple.
   897 | Temple   | Entered the Ecumenical Temple
   936 | Temple   | Became a worshipper of Makhleb the Destroyer
  1024 | D:4      | Reached skill level 5 in Shields
  1153 | D:4      | Reached skill level 5 in Armour
  1296 | D:4      | Reached skill level 1 in Invocations
  1384 | D:5      | Entered Level 5 of the Dungeon
  1435 | D:5      | Reached skill level 6 in Axes
  1638 | D:5      | Noticed Ijyb
  1653 | D:5      | HP: 3/66 [disintegration (25)]
  1659 | D:5      | Killed Ijyb
  1659 | D:5      | Reached * piety under Makhleb
  1741 | D:5      | Reached XP level 8. HP: 72/73 MP: 7/7
  2253 | D:6      | Slain by an ice beast

Illustrated notes

Levels and vault maps discovered:
D:1:      doesnt_arrival_eight_statues, layout_rooms
D:2:      layout_basic, old_standard_altar, gammafunk_temple_overflow_pools,
          grunt_ministairs_1, makhleb_altar_promises_db
D:3:      layout_basic, minmay_quantized
D:4:      layout_cave_pods, minmay_temple_entry_overgrown, uniq_grinder
D:5:      layout_basic, uniq_ijyb
D:6:      layout_basic, minitemple
Temple:   nicolae_temple_god_jail

Skill      XL: |  1  2  3  4  5  6  7 |
---------------+----------------------+-----
Axes           | 3 4 5 6 |  6.8
Fighting       | 3 4 |  4.6
Armour         | 4 5 |  5.5
Shields        | 4 5 |  5.6
Invocations    | 2 |  2.7

Action                   |  1- 3 |  4- 6 |  7- 9 || total
-------------------------+-------+-------+-------++-------
Melee: War axe           |    92 |    63 |   179 ||   334
 Abil: Heal Wounds       |     4 |     3 |    10 ||    17
Armor: Scale mail        |    53 |    18 |    93 ||   164
Dodge: Dodged            |    42 |    19 |    54 ||   115
Block: Kite shield       |    52 |    33 |   114 ||   199

Table legend: (Time is in decaauts)
 A = Elapsed time spent in this place.
 B = Non-inter-level travel time spent in this place.
 C = Inter-level travel time spent in this place.
 D = Time resting spent in this place.
 E = Time spent auto-exploring this place.
 F = Levels seen in this place.
 G = Mean time per level.
                   A        B        C        D        E       F      G
               +--------+--------+--------+--------+--------+-----+--------+
         Total |   2361 |   2254 |    107 |      0 |   1567 |   7 |  337.3 |
       Dungeon |   2307 |   2213 |     94 |      0 |   1533 |   6 |  384.5 |
        Temple |     53 |     40 |     13 |      0 |     34 |   1 |   53.0 |
               +--------+--------+--------+--------+--------+-----+--------+

Top non-repeatable levels by time:
     D:4: 850 daAuts
     D:5: 795 daAuts
     D:2: 278 daAuts
     D:3: 175 daAuts
     D:6: 103 daAuts
     D:1: 103 daAuts
  Temple: 53 daAuts
